 Dungeon Crawl Stone Soup version 0.27.1-16-g815e20cd7a (webtiles) character file.

Game seed: 13678766818951522345

86 spaced the Sneak (level 4, -1/27 HPs)
             Began as an Octopode Hedge Wizard on Nov 21, 2021.
             Killed from afar by an orc wizard (6 damage)
             ... with a magic dart
             ... on level 3 of the Dungeon.
             The game lasted 00:10:47 (1933 turns).

spaced the Sneak (Octopode Hedge Wizard)            Turns: 1933, Time: 00:10:47

Health: -1/27      AC:  1    Str:  9    XL:     4   Next: 49%
Magic:  5/9        EV: 13    Int: 16    God:
Gold:   70         SH:  0    Dex: 12    Spells: 3/10 levels left

rFire    . . .     SeeInvis .   l - +4 dagger
rCold    . . .     Faith    .   (no shield)
rNeg     . . .     Spirit   .   b - +0 hat
rPois    .         Reflect  .   (no amulet)
rElec    .         Harm     .   (no ring)
rCorr    .         Rampage  .   (no ring)
Will     .....                  (no ring)
Stlth    +++.......             (no ring)
HPRegen  0.09/turn              (no ring)
MPRegen  0.11/turn              (no ring)
                                (no ring)
                                (no ring)

@: no status effects
A: almost no armour, amphibious, 8 rings, camouflage 1, gelatinous body 1,
(nimble swimmer 1), tentacles
a: no special abilities


You were on level 3 of the Dungeon.
You visited 1 branch of the dungeon, and saw 3 of its levels.

You collected 70 gold pieces.

Inventory:

Hand Weapons
 a - a +0 dagger
 l - a +4 dagger (weapon)
 m - a +1 short sword of venom
Missiles
 d - 10 poisoned darts (quivered)
 k - 8 silver javelins
Armour
 b - a +0 hat (worn)
Scrolls
 c - a scroll of amnesia {unknown}
 g - a scroll of holy word {unknown}
 i - 2 scrolls of enchant armour {unknown}
 n - a scroll of silence {unknown}
 o - a scroll of teleportation {unknown}
Potions
 e - 4 potions of curing {unknown}
 f - a potion of lignification {unknown}
 h - a potion of might {unknown}
 j - a potion of degeneration {unknown}


   Skills:
 + Level 0.2 Fighting
 + Level 1.4 Short Blades
 + Level 0.2 Throwing
 + Level 2.5 Dodging
 + Level 3.8 Stealth
 + Level 3.6 Spellcasting
 + Level 1.1 Conjurations
 + Level 1.0 Summonings
 + Level 1.1 Translocations


You had 3 spell levels left.
You knew the following spells:

 Your Spells              Type           Power      Damage    Failure   Level
a - Magic Dart            Conj           24%        1d4       11%         1
b - Call Imp              Summ           6%         N/A       17%         2
c - Blink                 Tloc           N/A        N/A       16%         2
d - Slow                  Hex            2%         N/A       26%         2

Your spell library contained the following spells:

 Spells                   Type           Power      Damage    Failure   Level
 Conjure Flame            Conj/Fire      4%         6-21      38%         3
 Mephitic Cloud           Conj/Pois/Air  4%         N/A       41%         3


Dungeon Overview and Level Annotations

Branches:
Dungeon (3/15)

Altars:


Innate Abilities, Weirdness & Mutations

You cannot wear most types of armour.
You are amphibious.
You can wear up to eight rings at the same time.
Your skin changes colour to match your surroundings (Stealth+).
Your rubbery body absorbs attacks. (AC +1, EV +1)
((You are camouflaged near water. (Stealth+)))
You have tentacles for arms and can constrict up to eight enemies at once.


Message History

The puff of flame hits you.
Casting: Magic Dart (safe; 11% risk of failure)
Confirm with . or Enter, or press ? or * to list all spells.
A beastly little devil appears in a puff of flame.
Casting: Call Imp (safe; 17% risk of failure)
Confirm with . or Enter, or press ? or * to list all spells.
Aiming: Magic Dart (safe; 11% risk of failure)
Press: ? - help, Shift-Dir - straight line, f - orc, p - orc wizard
Aim: an orc, wielding a +0 club (100% to hit)
Okay, then.
Casting: Magic Dart (safe; 11% risk of failure)
Confirm with . or Enter, or press ? or * to list all spells.
Okay, then.
Unknown command.
Casting: Magic Dart (safe; 11% risk of failure)
Confirm with . or Enter, or press ? or * to list all spells.
You miscast Blink.
You are very lightly contaminated with residual magic.
Nothing appears to happen.
The orc wizard mumbles some strange words.
The orc wizard flickers and vanishes!
Deactivating autopickup; reactivate with Ctrl-A.
You closely miss the orc. You grab the orc. You constrict the orc.
Something hits you.
The orc shouts!
You hit the orc.
You kill the orc!
You hear some strange, mumbled words.
A magic dart appears from out of thin air!
The magic dart hits you.
Something hits your crimson imp but does no damage.
A magic dart appears from out of thin air!
The magic dart hits you!
* * * LOW HITPOINT WARNING * * *
Your magical contamination has completely faded away.
Your crimson imp disappears in a puff of smoke!
You start resting.
A magic dart appears from out of thin air!
The magic dart hits you.
You die...

...# #..# #..# #..# #..#
#..# ######..#
#@...{..## # #.
#.#####..# #.# #. ....
#..# #.#.+. ###.## ##.#
....#. #.. #.# ..... ###
#{# #..###############.#
.. #........<#........#
....#.#.#######o########


There were no monsters in sight!

Vanquished Creatures
  An orc priest (D:2)
  3 dart slugs
  7 orcs
  A ball python (D:1)
  3 endoplasms (D:1)
  2 giant cockroaches (D:1)
  5 goblins
  2 hobgoblins
  3 jackals (D:1)
  2 kobolds
  2 quokkas (D:1)
  4 bats
  2 frilled lizards
  A rat (D:1)
38 creatures vanquished.

Vanquished Creatures (collateral kills)
  A bat (D:2)
  A giant cockroach (D:1)
2 creatures vanquished.

Grand Total: 40 creatures vanquished

Notes
Turn   | Place    | Note
-------+----------+-------------------------------------------
     0 | D:1      | spaced the Octopode Hedge Wizard began the quest for the
                  | Orb.
     0 | D:1      | Reached XP level 1. HP: 11/11 MP: 4/4
   388 | D:1      | Reached XP level 2. HP: 8/17 MP: 3/6
   808 | D:1      | Learned a level 2 spell: Call Imp
   811 | D:1      | Learned a level 2 spell: Blink
  1135 | D:1      | Reached XP level 3. HP: 21/21 MP: 5/7
  1513 | D:2      | Reached skill level 1 in Short Blades
  1513 | D:2      | Reached XP level 4. HP: 12/27 MP: 2/9
  1797 | D:2      | Learned a level 2 spell: Slow
  1798 | D:3      | Noticed a black bear
  1822 | D:3      | Noticed a sky beast
  1933 | D:3      | Killed from afar by an orc wizard

Illustrated notes

Levels and vault maps discovered:
D:1:      lightli_arrival_flooded_house, layout_basic, minmay_door_square
D:2:      layout_rooms
D:3:      layout_basic, shapermc_ecumenical_altar_flowoftime

Skill      XL: |  1  2  3 |
---------------+----------+-----
Stealth        | 3 |  3.8
Short Blades   | 1 |  1.4
Fighting       | |  0.2
Throwing       | |  0.2
Dodging        | |  2.5
Spellcasting   | |  3.6
Conjurations   | |  1.1
Summonings     | |  1.0
Translocations | |  1.1

Action                   |  1- 3 |  4- 6 || total
-------------------------+-------+-------++-------
Melee: Dagger            |    52 |    11 ||    63
       Tentacles         |    14 |       ||    14
       Constrict         |    13 |     4 ||    17
Throw: Dart              |     7 |    10 ||    17
 Cast: Magic Dart        |    23 |     7 ||    30
       Call Imp          |     3 |     2 ||     5
       Blink             |     2 |       ||     2
 Stab: Sleeping          |     4 |     1 ||     5
Armor: Skin              |     6 |       ||     6
Dodge: Dodged            |    56 |     6 ||    62
